 Dungeon Crawl Stone Soup version 0.29.1-15-g9cfb28693d (webtiles) character file.

Game seed: 96604817912741944

7 vishdafish the Conjurer (level 1, -2/13 HPs)
             Began as a Demonspawn Conjurer on Mar 29, 2023.
             Slain by an endoplasm (3 damage)
             ... on level 1 of the Dungeon.
             The game lasted 00:00:57 (269 turns).

vishdafish the Conjurer (Demonspawn Conjurer)        Turns: 269, Time: 00:00:57

Health: -2/13      AC:  2    Str:  7    XL:     1   Next: 91%
Magic:  0/3        EV: 12    Int: 19    God:
Gold:   13         SH:  0    Dex: 11    Spells: 3/4 levels left

rFire   . . .      SeeInvis .   (no weapon)
rCold   . . .      Faith    .   (no shield)
rNeg    . . .      Spirit   .   a - +0 robe
rPois   .          Reflect  .   (no helmet)
rElec   .          Harm     .   (no cloak)
rCorr   .          Rampage  .   (no gloves)
Will    .....                   (no boots)
Stlth   ++........              (no amulet)
HPRegen 0.04/turn               (no ring)
MPRegen 0.08/turn               (no ring)

@: no status effects
A: no striking features
a: no special abilities


You were on level 1 of the Dungeon.
You visited 1 branch of the dungeon, and saw 1 of its levels.

You collected 13 gold pieces.

Inventory:

Armour
 a - a +0 robe (worn)
Jewellery
 f - a ring of resist corrosion
Scrolls
 c - a scroll of identify


   Skills:
 + Level 2.0 Dodging
 + Level 2.0 Stealth
 + Level 2.1 Spellcasting
 + Level 4.1 Conjurations


You had 3 spell levels left.
You knew the following spells:

 Your Spells              Type           Power      Damage    Failure   Level
a - Magic Dart            Conj           68%        1d6       3%          1

Your spell library contained the following spells:

 Spells                   Type           Power      Damage    Failure   Level
 Searing Ray              Conj           34%        2d5       4%          2
 Dazzling Flash           Conj/Hex       18%        N/A       22%         3
 Fulminant Prism          Conj/Hex       4%         3d6       56%         4
 Iskenderun's Mystic Bla  Conj/Tloc      9%         2d4       56%         4


Dungeon Overview and Level Annotations

Branches:
Dungeon (1/15)

Altars:


Message History

You closely miss the jackal.
The jackal is moderately wounded.
The jackal misses you. The jackal closely misses you.
You closely miss the jackal.
The jackal is moderately wounded.
The jackal barely misses you.
You miss the jackal.
The jackal is moderately wounded.
The jackal bites you but does no damage. x2
You barely miss the jackal.
The jackal is moderately wounded.
The jackal barely misses you.
You hit the jackal but do no damage.
The jackal is moderately wounded.
The jackal barely misses you.
Aiming: Magic Dart (safe; 3% risk of failure)
Press: ? - help, Q - select action Shift-Dir - straight line, f/p - jackal
Aim: a jackal (moderately wounded, 100% to hit)
The magic dart hits the jackal.
You kill the jackal!
Your Dodging skill increases to level 2!
Your Stealth skill increases to level 2!
The endoplasm attacks as you move away! The endoplasm completely misses you.
The endoplasm attacks as you move away! The endoplasm hits you.
* * * LOW HITPOINT WARNING * * *
The endoplasm attacks as you move away! The endoplasm hits you.
* * * LOW HITPOINT WARNING * * *
The endoplasm attacks as you move away! The endoplasm hits you.
* * * LOW HITPOINT WARNING * * *
The endoplasm attacks as you move away! The endoplasm closely misses you.
Aiming: Magic Dart (safe; 3% risk of failure)
Press: ? - help, Q - select action Shift-Dir - straight line, f - endoplasm
Aim: an endoplasm (100% to hit)
The magic dart hits the endoplasm.
The endoplasm is lightly wounded.
The endoplasm closely misses you.
You aren't carrying any potions.
Okay, then.
The endoplasm attacks as you move away! The endoplasm hits you.
You die...

### #.. #.# #.#
######.#####
...........########
##.....##......J@.#
##.....##.#######.#
#.........# ...
#......##.# .###
#......#..# ..
...#......# ..
#..#.####.# .#.
#..#.# #. ...
#..#.#


You could see an endoplasm.

Vanquished Creatures
  An endoplasm (D:1)
  3 jackals (D:1)
  A kobold (D:1)
  A ball python (D:1)
6 creatures vanquished.

Notes
Turn   | Place    | Note
-------+----------+-------------------------------------------
     0 | D:1      | vishdafish the Demonspawn Conjurer began the quest for the
                  | Orb.
     0 | D:1      | Reached XP level 1. HP: 13/13 MP: 3/3
   269 | D:1      | Slain by an endoplasm

Illustrated notes

Levels and vault maps discovered:
D:1:      co_arrival_square_in_a_square_in_a_square, layout_loops_ring,
          serial_shops, shop, nicolae_shop_hallway_stairs,
          nicolae_shop_behind_doors

Skill      XL: |  1 |
---------------+----+-----
Dodging        | 2 |  2.0
Stealth        | 2 |  2.0
Spellcasting   | |  2.1
Conjurations   | |  4.1

Action                   || total
-------------------------++-------
Melee: Unarmed           ||    10
 Cast: Magic Dart        ||    17
  Use: Scroll            ||     3
       Potion            ||     1
Armor: Robe              ||     5
Dodge: Dodged            ||    22
